 Dungeon Crawl Stone Soup version 0.21.1-1-g345015f (webtiles) character file.

3007 zishaf the Fighter (level 9, -15/153 HPs)
             Began as an Ogre Hunter on May 15, 2018.
             Was an Initiate of Makhleb.
             Demolished by an orc warrior
             ... wielding a +0 mace
              (18 damage)
             ... on level 7 of the Dungeon.
             The game lasted 00:19:16 (10087 turns).

zishaf the Fighter (Ogre Hunter)                   Turns: 10087, Time: 00:19:17

Health: -15/153    AC: 12    Str: 25    XL:     9   Next: 84%
Magic:  9/9        EV: 10    Int: 12    God:    Makhleb [......]
Gold:   531        SH:  0    Dex: 10    Spells: 8/8 levels left

rFire    + . .     SeeInvis .   y - +2 morningstar (protect)
rCold    . . .     Gourm    .   (no shield)
rNeg     . . .     Faith    .   x - +2 robe {Archmagi}
rPois    .         Spirit   .   (helmet restricted)
rElec    .         Reflect  .   (no cloak)
rCorr    .         Harm     .   (gloves unavailable)
MR       .....                  (boots unavailable)
Stlth    ..........             (no amulet)
HPRegen  0.35/turn              E - ring of protection from fire
MPRegen  0.11/turn              (no ring)

@: berserking, protection aura, very quick
A: large, unfitting armour, tough skin 1
a: Renounce Religion


You were on level 7 of the Dungeon.
You worshipped Makhleb.
Makhleb was noncommittal.
You were near starving.

You visited 2 branches of the dungeon, and saw 8 of its levels.

You collected 531 gold pieces.

Inventory:

Hand Weapons
 a - a +0 short sword
 j - a +1 whip of freezing
 y - a +2 morningstar of protection (weapon)
 H - a +0 giant spiked club
Missiles
 c - 4 large rocks
 d - 2 throwing nets
 g - 32 poisoned needles
 n - 427 stones
 s - 6 javelins
 v - 8 tomahawks (quivered)
Armour
 b - a +1 robe
 x - a +2 robe of the Archmagi (worn)
Jewellery
 E - a ring of protection from fire (left hand)
Wands
 l - a wand of acid (13)
 A - a wand of scattershot (5)
Scrolls
 h - a scroll of teleportation {unknown}
 i - 2 scrolls of enchant armour
 r - 3 scrolls of remove curse
 u - a scroll of magic mapping {unknown}
 w - a scroll of blinking
 B - a scroll of enchant weapon {unknown}
 F - a scroll of amnesia {unknown}
 G - a scroll of immolation {unknown}
Potions
 e - a potion of berserk rage
 k - 3 potions of invisibility {unknown}
 m - a potion of resistance
 o - a potion of might {unknown}
 p - 2 potions of heal wounds
 q - a potion of curing
 t - 3 potions of agility
 z - a potion of flight {unknown}
 D - a potion of haste {unknown}
Comestibles
 f - 9 rations
 C - a chunk of flesh


   Skills:
 + Level 10.4 Fighting
 * Level 8.3 Maces & Flails
 - Level 7.1 Throwing
 - Level 2.0 Dodging
 - Level 0.6 Stealth


You had 8 spell levels left.
You didn't know any spells.

Dungeon Overview and Level Annotations

Branches:
Dungeon (7/15)             Temple (1/1) D:6

Altars:
Ashenzari
Cheibriados
Dithmenos
Fedhas
Gozag
Hepliaklqana
Kikubaaqudgha
Makhleb
Okawaru
Qazlal
Ru
Sif Muna
Trog
Uskayaw
Vehumet
Wu Jian
Xom
Yredelemnul
Zin
The Shining One

Shops:
D:5 [


Innate Abilities, Weirdness & Mutations

You are too large for most types of armour.
You have tough skin. (AC +1)


Message History

* * * LOW HITPOINT WARNING * * *
The hippogriff pecks you.
* * * LOW HITPOINT WARNING * * *
The hippogriff claws you.
* * * LOW HITPOINT WARNING * * *
You barely miss the hippogriff. The hippogriff closely misses you.
The hippogriff pecks you.
* * * LOW HITPOINT WARNING * * *
The hippogriff claws you.
* * * LOW HITPOINT WARNING * * *
A scorpion comes into view.
Unknown command.
You impale the hippogriff!!
Your weapon exudes an aura of protection.
The hippogriff is severely wounded.
You bludgeon the hippogriff!!
You kill the hippogriff!
Makhleb accepts your kill. The orc warrior hits you with a mace!!
You die...

.# ###########.#
.#########........##.#
...................#.#
?....................##
#.....#.....#.........#
#.###.#.###.#.###.....#
#.s..o#.....#.........#
#.)@..#...........##
#$###.#.###...(.#.#
#.)!..#. ......##.#
#..?..#..........###.#
#$###.#.###.....# #.# #
..#.. ...# #.# #......
..# #.## #.###... #...
#. ...O ####


You could see an orc warrior and a scorpion.

Vanquished Creatures
  A hippogriff (D:7)
  Sigmund (D:6)
  The ghost of marcb3 the Chucker, an amateur OgHu (D:3)
  A hungry ghost (D:7)
  An orc warrior (D:6)
  2 ice beasts (D:6)
  2 sky beasts
  A phantom (D:5)
  A black bear (D:6)
  4 ogres
  A centaur (D:6)
  4 big kobolds (D:3)
  Blork the orc (D:4)
  3 bullfrogs
  A scorpion (D:6)
  A howler monkey (D:6)
  3 crimson imps
  2 hounds
  A bullfrog skeleton (D:4)
  A centaur skeleton (D:6)
  An orc priest (D:4)
  An iguana (D:6)
  4 orc wizards
  A worker ant (D:4)
  A hound zombie (D:5)
  A howler monkey zombie (D:5)
  4 gnolls (D:3)
  11 adders
  2 worms (D:4)
  3 dart slugs
  2 leopard geckos
  16 orcs
  A giant cockroach (D:5)
  6 goblins
  7 hobgoblins
  12 jackals
  51 kobolds
  4 quokkas
  A ball python (D:5)
  12 bats
  2 frilled lizards (D:2)
  9 rats
185 creatures vanquished.

Notes
Turn   | Place    | Note
-------+----------+-------------------------------------------
     0 | D:1      | zishaf the Ogre Hunter began the quest for the Orb.
     0 | D:1      | Reached XP level 1. HP: 22/22 MP: 1/1
   529 | D:1      | Reached skill level 3 in Fighting
   538 | D:1      | Reached XP level 2. HP: 22/31 MP: 2/2
  1262 | D:1      | Reached XP level 3. HP: 37/37 MP: 3/3
  1603 | D:2      | Reached skill level 1 in Maces & Flails
  1628 | D:2      | HP: 1/39 [poisoned by an adder]
  1633 | D:2      | HP: 1/39 [poisoned by an adder]
  2061 | D:2      | Found a glowing golden altar of the Shining One.
  2213 | D:2      | Reached XP level 4. HP: 48/48 MP: 4/4
  2232 | D:2      | Reached skill level 4 in Fighting
  2982 | D:3      | Noticed marcb3's ghost (amateur OgHu)
  3960 | D:3      | Killed marcb3's ghost
  3960 | D:3      | Reached skill level 5 in Fighting
  3960 | D:3      | Reached skill level 5 in Throwing
  3960 | D:3      | Reached XP level 5. HP: 32/57 MP: 5/5
  3960 | D:3      | Reached XP level 6. HP: 37/66 MP: 6/6
  4501 | D:3      | Reached skill level 6 in Fighting
  4501 | D:3      | Reached XP level 7. HP: 73/75 MP: 7/7
  5297 | D:4      | Found a basalt altar of Yredelemnul.
  5300 | D:4      | Noticed Blork the orc
  5306 | D:4      | Killed Blork the orc
  5918 | D:4      | Reached skill level 7 in Fighting
  6057 | D:4      | Reached XP level 8. HP: 87/87 MP: 8/8
  6496 | D:5      | Entered Level 5 of the Dungeon
  6632 | D:5      | Found an ancient bone altar of Kikubaaqudgha.
  7351 | D:5      | Reached skill level 8 in Fighting
  7385 | D:5      | Reached skill level 5 in Maces & Flails
  7450 | D:5      | Found a hazy altar of Hepliaklqana.
  7607 | D:5      | Found Oczokk's Armour Boutique.
  7680 | D:5      | Found a sacrificial altar of Ru.
  7696 | D:5      | Found an ornate altar of the Wu Jian Council.
  7934 | D:6      | Noticed Sigmund
  7992 | D:5      | Reached XP level 9. HP: 20/97 MP: 9/9
  8292 | D:6      | Killed Sigmund
  8292 | D:6      | Reached skill level 9 in Fighting
  8533 | D:6      | Found a staircase to the Ecumenical Temple.
  8576 | Temple   | Entered the Ecumenical Temple
  8656 | Temple   | Became a worshipper of Makhleb the Destroyer
  9580 | D:6      | Found a deep blue altar of Sif Muna.
  9586 | D:6      | Reached skill level 10 in Fighting
  9588 | D:6      | Found a stormy altar of Qazlal.
 10085 | D:7      | HP: 3/151 [hippogriff (5)]
 10087 | D:7      | Demolished by an orc warrior

Skill      XL: |  1  2  3  4  5  6  7  8  9 |
---------------+----------------------------+-----
Fighting       | 3 5 6 7 8 10 | 10.4
Dodging        | 2 |  2.0
Maces & Flails | 1 2 3 4 6 8 |  8.3
Throwing       | 5 6 7 |  7.1
Stealth        | |  0.6

Action                   |  1- 3 |  4- 6 |  7- 9 || total
-------------------------+-------+-------+-------++-------
Melee: Short sword       |    68 |       |       ||    68
       Whip              |    65 |   133 |   210 ||   408
       Morningstar       |       |       |   149 ||   149
Throw: Large rock        |     7 |    20 |    31 ||    58
       Throwing net      |       |     1 |     2 ||     3
       Javelin           |       |       |    21 ||    21
       Tomahawk          |       |       |    10 ||    10
  Use: Potion            |     1 |       |     1 ||     2
       Scroll            |       |       |     8 ||     8
 Stab: Sleeping          |     1 |     1 |       ||     2
       Held in net/web   |       |     1 |       ||     1
  Eat: Chunk             |     4 |     4 |    14 ||    22
       Ration            |       |     1 |     2 ||     3
Armor: Robe              |    44 |    41 |   120 ||   205
Dodge: Dodged            |    82 |   110 |   177 ||   369
